 Dungeon Crawl Stone Soup version 0.25-a0-424-g80bd347ae0 (webtiles) character file.

Game seed: 13800886874434033651, levelgen mode: deterministic

28 Anathary the Firebug (level 3, 0/19 HPs)
             Began as a Deep Elf Fire Elementalist on Jan 21, 2020.
             Slain by a jackal (2 damage)
             ... on level 2 of the Dungeon.
             The game lasted 00:06:40 (1349 turns).

Anathary the Firebug (Deep Elf Fire Elementalist)   Turns: 1349, Time: 00:06:40

Health: 0/19       AC:  2    Str:  5    XL:     3   Next: 0%
Magic:  1/9        EV: 13    Int: 20    God:
Gold:   69         SH:  0    Dex: 15    Spells: 7/8 levels left

rFire    + . .     SeeInvis .   e - +1 dagger (venom)
rCold    x . .     Gourm    .   (no shield)
rNeg     . . .     Faith    .   a - +0 robe
rPois    .         Spirit   .   (no helmet)
rElec    .         Reflect  .   (no cloak)
rCorr    .         Harm     .   (no gloves)
MR       .....                  (no boots)
Stlth    ++........             (no amulet)
HPRegen  0.06/turn              c - ring of fire
MPRegen  0.11/turn              (no ring)

@: no status effects
A: no striking features
a: no special abilities


You were on level 2 of the Dungeon.
You were not hungry.

You visited 1 branch of the dungeon, and saw 2 of its levels.

You collected 69 gold pieces.

Inventory:

Hand Weapons
 e - a +1 dagger of venom (weapon)
Armour
 a - a +0 robe (worn)
Jewellery
 c - a ring of fire (left hand)
Scrolls
 b - a scroll of enchant weapon {unknown}
 g - a scroll of blinking {unknown}
Potions
 d - 2 potions of heal wounds {unknown}
 f - 2 potions of curing {unknown}
Comestibles
 h - a ration


   Skills:
 + Level 2.6 Dodging
 + Level 2.6 Stealth
 + Level 3.3 Spellcasting
 + Level 1.1 Conjurations
 + Level 4.2 Fire Magic


You had 7 spell levels left.
You knew the following spells:

 Your Spells              Type           Power        Failure   Level  Hunger
a - Foxfire               Conj/Fire      ###.         4%          1    None

Your spell library contained the following spells:

 Spells                   Type           Power        Failure   Level  Hunger
 Conjure Flame            Conj/Fire      ###.....     14%         3    ###....
 Inner Flame              Hex/Fire       ###.....     17%         3    ###....
 Sticky Flame             Conj/Fire      ###.....     41%         4    ####...
 Fireball                 Conj/Fire      ###.......   77%         5    ######.


Dungeon Overview and Level Annotations

Branches:
Dungeon (2/15)

Altars:


Message History

Casting: Foxfire (safe; 4% risk of failure)
Confirm with . or Enter, or press ? or * to list all spells.
You feel a surge of power!
You conjure some foxfire!
The jackal bites you.
* * * LOW HITPOINT WARNING * * *
The jackal completely misses you.
You closely miss the jackal.
The jackal is heavily wounded.
The jackal misses you.
You hit the jackal.
The jackal is poisoned.
The jackal is severely wounded.
You kill the jackal!
You have reached level 3!
Your experience leads to an increase in your attributes!
Increase (S)trength, (I)ntelligence, or (D)exterity?
You feel clever. The jackal closely misses you.
Casting: Foxfire (safe; 4% risk of failure)
Confirm with . or Enter, or press ? or * to list all spells.
You feel a surge of power!
Nothing appears to happen.
The jackal bites you.
You die...

## ### # #.#..#. ..# #
#.#..#. #.# #
###.#..#.##.# .
......#..#.#
#####.#.###.#.##########
...............v@hg....#
#####...###.#.######!###
............#.# #.#
.####..#..###.# #h# ..#
#..#..# #.# #g# ..#
#..#..# #.# #.# ..#
#..#... #.# #.#
..###.....#.... #.#
...##.#####.# #.#


You could see a jackal and a goblin.

Vanquished Creatures
  A dart slug (D:1)
  3 goblins (D:1)
  5 hobgoblins
  2 jackals (D:2)
  2 bats (D:1)
  2 frilled lizards (D:1)
  6 kobolds
  5 rats
26 creatures vanquished.

Vanquished Creatures (others)
  52 foxfires
52 creatures vanquished.

Grand Total: 78 creatures vanquished

Notes
Turn   | Place    | Note
-------+----------+-------------------------------------------
     0 | D:1      | Anathary the Deep Elf Fire Elementalist began the quest for
                  | the Orb.
     0 | D:1      | Reached XP level 1. HP: 10/10 MP: 6/6
   332 | D:1      | Reached XP level 2. HP: 15/15 MP: 5/8
   717 | D:1      | Reached skill level 4 in Fire Magic
  1348 | D:2      | Reached XP level 3. HP: 2/19 MP: 2/9
  1349 | D:2      | Slain by a jackal

Levels and vault maps discovered:
D:1:      minmay_arrival_widening_spiral_wide, layout_basic, chequers_avenue
D:2:      layout_basic, zin_treasury

Skill      XL: |  1  2 |
---------------+-------+-----
Fire Magic     | 4 |  4.2
Dodging        | |  2.6
Stealth        | |  2.6
Spellcasting   | |  3.3
Conjurations   | |  1.1

Action                   || total
-------------------------++-------
Melee: Dagger            ||    14
 Cast: Foxfire           ||    42
  Eat: Ration            ||     1
Armor: Robe              ||     2
Dodge: Dodged            ||    18

Table legend:
 A = Non-vault XP
 B = Vault XP
 C = Vault XP percentage of total XP
 D = Non-vault monster count
 E = Vault monster count
 F = Vault count percentage of total count
                 A         B        C        D         E       F
            +---------+---------+-------+---------+---------+-------
      Total |      41 |       0 |   0.0 |      26 |       0 |   0.0
            +---------+---------+-------+---------+---------+-------
        D:1 |      33 |       0 |   0.0 |      21 |       0 |   0.0
        D:2 |       8 |       0 |   0.0 |       5 |       0 |   0.0
            +---------+---------+-------+---------+---------+-------
